 Dungeon Crawl Stone Soup version 0.27.1 (webtiles) character file.

Game seed: 11990517820795702644

16367 MajorAdolf the Blocker (level 12, -2/88 HPs)
             Began as a Naga Wanderer on Aug 22, 2021.
             Was a Believer of Kikubaaqudgha.
             Constricted to death by Jorgrun (7 damage)
             ... on level 11 of the Dungeon.
             The game lasted 00:36:07 (20400 turns).

MajorAdolf the Blocker (Naga Wanderer)             Turns: 20400, Time: 00:36:09

Health: -2/88      AC: 23    Str: 13    XL:     12   Next: 36%
Magic:  3/15       EV:  6    Int: 22    God:    Kikubaaqudgha [**....]
Gold:   625        SH: 27    Dex: 14    Spells: 8/15 levels left

rFire    . . .     SeeInvis +   d - +2 dagger (venom)
rCold    + + +     Faith    .   o - +4 tower shield
rNeg     . . .     Spirit   .   p - +4 skin of Zhor {*Englaciate rC+++ SInv}
rPois    +         Reflect  +   O - +2 helmet
rElec    .         Harm     .   q - +0 cloak
rCorr    .         Rampage  .   j - +0 pair of gloves
Will     ++...     Clarity  +   (no barding)
Stlth    +.........             l - amulet of reflection
HPRegen  0.24/turn              e - +6 ring of intelligence
MPRegen  0.14/turn              v - +4 ring of protection

@: ice-armoured, short of breath, grasped by roots, constricted, very slow
A: AC +4, large, see invisible, deformed body, poison resistance, slowness 2,
spit poison 1, naga tail 1, clarity, strong-willed 1
a: Spit Poison, Renounce Religion, Receive Corpses


You were on level 11 of the Dungeon.
You worshipped Kikubaaqudgha.
Kikubaaqudgha was pleased with you.
You visited 2 branches of the dungeon, and saw 13 of its levels.

You collected 625 gold pieces.

Inventory:

Hand Weapons
 d - a +2 dagger of venom (weapon)
 u - a +2 dagger of protection
Missiles
 z - a throwing net
Armour
 j - a +0 pair of gloves (worn)
 o - a +4 tower shield (worn)
 p - the +4 skin of Zhor (worn) {*Englaciate rC+++ SInv}
   (You found it on level 8 of the Dungeon)

   It radiates cold, occasionally slowing all nearby creatures who are not
   resistant to cold.
   rC:        It renders you almost immune to cold.
   SInv:      It lets you see invisible.
 q - a +0 cloak (worn)
 t - the +1 robe "Osyunle" {rCorr Int+3 Stlth-}
   (You found it on level 11 of the Dungeon)

   Int:       It affects your intelligence (+3).
   rCorr:     It protects you from acid and corrosion.
   Stlth:     It makes you less stealthy.
 F - a +1 ring mail of positive energy
 O - a +2 helmet (worn)
Magical Staves
 n - a staff of cold
Jewellery
 b - an amulet of magic regeneration
 e - a +6 ring of intelligence (left hand)
 l - an amulet of reflection (around neck)
 v - a +4 ring of protection (right hand)
 w - a +6 ring of strength
 E - an amulet of guardian spirit
 H - a ring of positive energy
 R - an amulet of regeneration
Wands
 r - a wand of polymorph (4)
 B - a wand of paralysis (9)
 G - a wand of digging (4)
 L - a wand of flame (9)
 N - a wand of iceblast (2)
Scrolls
 c - 6 scrolls of identify
 g - 3 scrolls of fog
 i - a scroll of blinking {unknown}
 m - a scroll of vulnerability {unknown}
 y - 2 scrolls of brand weapon {unknown}
 A - a scroll of amnesia {unknown}
 D - 2 scrolls of holy word {unknown}
 I - a scroll of fear {unknown}
 K - a scroll of enchant weapon {unknown}
 M - a scroll of silence {unknown}
Potions
 a - a potion of cancellation {unknown}
 f - 4 potions of mutation
 h - 2 potions of brilliance {unknown}
 k - a potion of haste
 x - a potion of berserk rage {unknown}
 C - 2 potions of ambrosia {unknown}
 J - 2 potions of heal wounds {unknown}
 Q - a potion of might {unknown}
Miscellaneous
 s - a box of beasts (inert)


   Skills:
 - Level 1.0 Staves
 - Level 1.5 Dodging
 + Level 14.4 Shields
 - Level 2.0 Spellcasting
 - Level 6.4 Necromancy
 - Level 1.3 Poison Magic
 + Level 6.1 Evocations


You had 8 spell levels left.
You knew the following spells:

 Your Spells              Type           Power      Damage    Failure   Level
a - Pain                  Necr           100%       1d9       1%          1
b - Vampiric Draining     Necr           15%        2d8       3%          3
c - Ozocubu's Armour      Ice            2%         N/A       41%         3

Your spell library contained the following spells:

 Spells                   Type           Power      Damage    Failure   Level
 Animate Skeleton         Necr           60%        N/A       1%          1
 Sublimation of Blood     Necr           15%        N/A       1%          2
 Apportation              Tloc           4%         N/A       16%         1
 Corona                   Hex            2%         N/A       16%         1
 Summon Small Mammal      Summ           8%         N/A       16%         1
 Ensorcelled Hibernation  Hex/Ice        4%         N/A       22%         2
 Gell's Gravitas          Tloc           1%         N/A       41%         3
 Inner Flame              Hex/Fire       2%         N/A       41%         3
 Summon Guardian Golem    Hex/Summ       2%         N/A       41%         3
 Tukima's Dance           Hex            2%         N/A       41%         3
 Cause Fear               Hex            1%         N/A       83%         4
 Orb of Destruction       Conj           1%         N/A       100%        7
 Ozocubu's Refrigeration  Ice            1%         4d5       100%        7
 Spellforged Servitor     Conj/Summ      1%         N/A       100%        7
 Discord                  Hex            1%         N/A       100%        8


Dungeon Overview and Level Annotations

Branches:
Dungeon (12/15)            Temple (1/1) D:5            Lair (0/6) D:11
    Orc: D:9-12

Altars:
Ashenzari
Cheibriados
Dithmenos
Elyvilon
Fedhas
Gozag
Hepliaklqana
Kikubaaqudgha
Makhleb
Nemelex Xobeh
Okawaru
Qazlal
Ru
Sif Muna
Trog
Uskayaw
Vehumet
Wu Jian
Xom
Yredelemnul
Zin
The Shining One

Shops:
D:2 (   D:12 :

Annotations:
D:5 1 runed translucent door, Crazy Yiuf
D:11 exclusion: 2 downstairs, Jorgrun


Innate Abilities, Weirdness & Mutations

Your serpentine skin is tough. (AC +4)
You have supernaturally acute eyesight. (SInv)
Armour fits poorly on your strangely shaped body.
Your system is resistant to poisons. (rPois)
You cover ground very slowly.
You can spit poison.
You have a snake-like lower body.
You possess an exceptional clarity of mind.
You are strong-willed. (Will+)


Message History

You block Jorgrun's attack.
You closely miss Jorgrun.
Jorgrun is moderately wounded.
You block Jorgrun's attack.
You hit Jorgrun but do no damage.
Jorgrun looks even sicker.
Jorgrun is moderately wounded.
Jorgrun casts a spell at you.
Roots burst forth from the earth!
The grasping roots grab you! The grasping roots constrict you!
You closely miss Jorgrun.
Jorgrun is moderately wounded.
You radiate an aura of cold.
Jorgrun resists.
You block Jorgrun's attack. The grasping roots constrict you!
You miss Jorgrun.
Jorgrun is moderately wounded.
You radiate an aura of cold.
Jorgrun seems to slow down.
Jorgrun is no longer moving slowly.
Jorgrun hits you with a +0 vorpal quarterstaff!
* * * LOW HITPOINT WARNING * * *
x2 The grasping roots constrict you!
* * * LOW HITPOINT WARNING * * *
You feel better. You block Jorgrun's attack. The grasping roots constrict you!
* * * LOW HITPOINT WARNING * * *
Okay, then.
Okay, then.
Press: ? - help, Shift-Dir - straight line, f/p - Jorgrun
Aim: Jorgrun, wielding a +0 vorpal quarterstaff and wearing a +0 robe (moderately wounded, very poisoned)
The splash of poison misses Jorgrun.
You block Jorgrun's attack. The grasping roots constrict you!
* * * LOW HITPOINT WARNING * * *
Unknown command.
Okay, then.
Aiming: Paralyse
Press: ? - help, Shift-Dir - straight line, f/p - Jorgrun
Aim: Jorgrun, wielding a +0 vorpal quarterstaff and wearing a +0 robe (moderately wounded, very poisoned, chance to affect: 1%) Jorgrun resists with almost no effort.
You block Jorgrun's attack. The grasping roots constrict you!
You die...
Kikubaaqudgha rasps: "You have failed me!
Welcome... death!"

≈≈≈≈≈≈≈≈≈#####..≈≈≈≈≈≈≈≈≈≈#≈#....
≈≈≈≈≈≈≈≈≈≈≈###.≈≈≈≈≈≈≈≈≈≈≈≈≈≈≈###
≈#≈≈≈≈≈≈≈≈≈≈≈≈≈≈≈≈≈≈≈≈≈≈≈≈≈≈≈≈≈≈#
####≈≈≈#≈≈≈≈≈≈≈≈≈≈≈≈≈≈≈≈≈≈≈≈≈≈≈≈≈
#####≈≈≈≈≈≈≈≈≈.≈≈≈#≈≈≈≈≈≈≈≈≈≈≈
##≈≈≈≈≈≈..#.≈≈###.≈≈≈≈≈≈≈≈
#≈≈≈≈≈...#.### #.#≈.≈≈≈≈≈
###≈##.#.#.## #.#...#≈≈≈
####.)@#..# #...#.###≈
###g#..######.#.# ##
#.##.#........# #....#.###.####
######)# #...# #<# ###.##### ###
#....## ####.## #.##


You could see Jorgrun (poisoned).

Vanquished Creatures
  Erica (D:11)
  A centaur warrior (D:10)
  2 two-headed ogres
  A tengu warrior (D:10)
  2 deep elf pyromancers
  An ugly thing (D:10)
  A manticore (D:12)
  A cyclops (D:10)
  2 gargoyles
  An unseen horror (D:11)
  2 rime drakes (D:8)
  A yaktaur (shapeshifter) (D:9)
  2 trolls
  A water elemental (D:11)
  2 wyverns
  A wraith (D:11)
  2 shadows (D:11)
  20 yaks
  4 wargs (D:10)
  Edmund (D:4)
  An acid dragon (D:9)
  A water moccasin (D:9)
  2 orc warriors
  An ice beast (D:7)
  A necrophage (D:7)
  2 black bears
  3 ogres
  8 centaurs
  A kobold brigand (D:10)
  2 bullfrogs
  4 scorpions
  A wyvern skeleton (D:7)
  A killer bee (D:10)
  6 wights
  5 electric eels
  5 centaur zombies
  3 hounds
  2 centaur skeletons
  3 jellies
  A gnoll shaman (D:10)
  4 orc priests
  Ijyb (D:4)
  9 orc wizards
  3 killer bee zombies
  2 howler monkey zombies
  A howler monkey skeleton (D:5)
  10 adders
  A white imp (D:6)
  An ufetubus (D:6)
  A worm (D:5)
  3 dart slugs
  32 orcs
  8 ball pythons
  6 endoplasms
  3 giant cockroaches
  7 goblins
  5 hobgoblins
  4 jackals (D:1)
  12 kobolds
  7 quokkas
  5 bats
  6 frilled lizards (D:2)
  A quokka zombie (D:3)
  4 rats
  A spectral orc (D:6)
239 creatures vanquished.

Vanquished Creatures (collateral kills)
  Harold (D:9)
  2 vampire mosquitoes (D:11)
3 creatures vanquished.

Vanquished Creatures (others)
  An orc wizard (D:10)
  3 plants (D:2)
  5 toadstools (D:1)
9 creatures vanquished.

Grand Total: 251 creatures vanquished

Notes
Turn   | Place    | Note
-------+----------+-------------------------------------------
     0 | D:1      | MajorAdolf the Naga Wanderer began the quest for the Orb.
     0 | D:1      | MajorAdolf set off with the following items: a +2
                  | quarterstaff, a +0 robe; and the following spells available
                  | to memorise: Pain, Apportation, Vampiric Draining, Gell's
                  | Gravitas
     0 | D:1      | Reached XP level 1. HP: 15/15 MP: 3/3
     2 | D:1      | Learned a level 1 spell: Pain
   440 | D:1      | Reached XP level 2. HP: 15/22 MP: 1/5
  1121 | D:1      | Reached XP level 3. HP: 4/28 MP: 0/6
  1860 | D:2      | Noticed an ogre
  1866 | D:2      | Killed an ogre
  1867 | D:2      | Reached skill level 5 in Necromancy
  1867 | D:2      | Reached XP level 4. HP: 13/36 MP: 2/7
  1867 | D:2      | Reached XP level 5. HP: 16/42 MP: 2/8
  2346 | D:2      | Found Vouged's Weapon Shop.
  2556 | D:2      | Found a faded altar of an unknown god.
  3883 | D:4      | Noticed Edmund
  3910 | D:4      | Killed Edmund
  3911 | D:4      | Reached skill level 2 in Shields
  3911 | D:4      | Reached XP level 6. HP: 10/49 MP: 1/9
  4275 | D:4      | Found a shadowy altar of Dithmenos.
  4310 | D:4      | Found a shimmering blue altar of Sif Muna.
  4328 | D:4      | Learned a level 3 spell: Vampiric Draining
  4480 | D:4      | Found a glowing silver altar of Zin.
  4481 | D:4      | Found a snail-covered altar of Cheibriados.
  4549 | D:4      | Found a sacrificial altar of Ru.
  4609 | D:4      | Noticed Ijyb
  4625 | D:4      | Killed Ijyb
  5201 | D:5      | Entered Level 5 of the Dungeon
  5222 | D:5      | Identified the +6 mace "Ifo Did" {vamp, rPois Will+}
  5223 | D:5      | Found a runed translucent door.
  5224 | D:5      | Noticed Crazy Yiuf
  5238 | D:5      | Reached skill level 3 in Shields
  5238 | D:5      | Reached XP level 7. HP: 52/55 MP: 10/10
  5740 | D:5      | Found a staircase to the Ecumenical Temple.
  5772 | Temple   | Entered the Ecumenical Temple
  5984 | Temple   | Became a worshipper of Kikubaaqudgha
  6184 | D:5      | Reached skill level 4 in Shields
  6602 | D:5      | Reached skill level 5 in Shields
  6602 | D:5      | Reached XP level 8. HP: 59/62 MP: 6/11
  7007 | D:6      | Reached skill level 6 in Shields
  8056 | D:6      | Found a basalt altar of Yredelemnul.
  8144 | D:7      | Reached skill level 7 in Shields
  8373 | D:7      | Gained mutation: You possess an exceptional clarity of
                  | mind. [potion of mutation]
  8373 | D:7      | Gained mutation: You are strong-willed. (Will+) [potion of
                  | mutation]
  8996 | D:7      | Found an iron altar of Okawaru.
  9029 | D:7      | Reached XP level 9. HP: 64/68 MP: 6/12
  9096 | D:7      | Reached skill level 8 in Shields
  9252 | D:7      | Reached * piety under Kikubaaqudgha
  9252 | D:7      | Received a gift from Kikubaaqudgha
  9956 | D:8      | Reached skill level 9 in Shields
 10839 | D:8      | Found the +4 skin of Zhor {*Englaciate rC+++ SInv}
 10960 | D:8      | Noticed a rime drake
 10960 | D:8      | Noticed a rime drake
 11676 | D:8      | Killed a rime drake
 11677 | D:8      | Reached skill level 10 in Shields
 11681 | D:8      | Killed a rime drake
 11738 | D:9      | Found an ornate altar of the Wu Jian Council.
 11804 | D:8      | Reached XP level 10. HP: 62/75 MP: 2/13
 12407 | D:9      | Reached skill level 11 in Shields
 12438 | D:9      | Noticed Harold
 12451 | D:9      | Reached ** piety under Kikubaaqudgha
 12457 | D:9      | Killed Harold
 12842 | D:9      | Reached skill level 12 in Shields
 13457 | D:10     | Entered Level 10 of the Dungeon
 13464 | D:10     | Found a broken altar of Ashenzari.
 13635 | D:10     | Noticed a gargoyle
 13650 | D:10     | Killed a gargoyle
 13651 | D:10     | Reached XP level 11. HP: 81/81 MP: 14/14
 13988 | D:10     | Noticed a two-headed ogre
 13991 | D:10     | Noticed a deep elf pyromancer
 13992 | D:10     | Noticed a deep elf pyromancer
 13998 | D:10     | Noticed a centaur warrior
 13999 | D:10     | Killed a two-headed ogre
 14014 | D:10     | Killed a centaur warrior
 14015 | D:10     | Reached skill level 13 in Shields
 14364 | D:10     | Killed a deep elf pyromancer
 14371 | D:9      | Killed a deep elf pyromancer
 14634 | D:10     | Noticed a cyan ugly thing
 14650 | D:10     | Killed a cyan ugly thing
 14809 | D:10     | Identified the +2 scale mail "Iromiruth" {Harm rPois}
 15651 | D:10     | Learned a level 3 spell: Ozocubu's Armour
 15830 | D:10     | Noticed a cyclops
 15834 | D:10     | Noticed a tengu warrior
 15875 | D:10     | Killed a tengu warrior
 15881 | D:10     | Killed a cyclops
 17137 | D:11     | Noticed a two-headed ogre
 17148 | D:11     | Killed a two-headed ogre
 18420 | D:11     | Reached skill level 14 in Shields
 18566 | D:11     | Reached XP level 12. HP: 78/88 MP: 11/15
 19401 | D:11     | Found a staircase to the Lair.
 19404 | D:11     | Identified the +1 robe "Osyunle" {rCorr Int+3 Stlth-}
 19454 | D:11     | Reached skill level 5 in Evocations
 19495 | D:11     | Noticed Erica
 19517 | D:11     | Killed Erica
 20201 | D:12     | Noticed Jorgrun
 20201 | D:12     | Found Puatz's Book Boutique.
 20400 | D:11     | Constricted to death by Jorgrun

Illustrated notes

Levels and vault maps discovered:
D:1:      ldierk_walled_garden, layout_basic
D:2:      layout_basic, ebering_ecumenical_altar_webs, serial_shops, shop,
          minmay_lizard_king
D:3:      minmay_door_path, layout_loops_ring
D:4:      layout_rooms, grunt_dithmenos_smoke_and_mirrors,
          mainiacjoe_overflow_catch_the_wave, mainiacjoe_overflow_divided_tiny,
          kennysheep_donut, minmay_tree_intersection, feat_on_display,
          uniq_ijyb, uniq_edmund
D:5:      layout_rooms, minmay_temple_entry_junction_2,
          kennysheep_generic_room_7, uniq_crazy_yiuf_cottage
D:6:      layout_loops_ring, yredelemnul_forgotten_temple_becter,
          hangedman_decor_growths
D:7:      layout_rooms, overflow_temple_1_default
D:8:      layout_loops_ring, hellmonk_guarded_unrand_zhor
D:9:      layout_grid_maze, old_standard_altar, uniq_harold
D:10:     minmay_the_grid_four_pointed_star_mashed
          [minmay_the_grid_triangle_9x9_warning,
          minmay_the_grid_triangle_9x9_sparse_checkered,
          minmay_the_grid_triangle_9x9_corrupted_corridor,
          minmay_the_grid_triangle_9x9_pentomino_pain,
          minmay_the_grid_prize_four_corners_diamond_a], layout_rooms,
          ashenzari_altar_1, hangedman_decor_slide_cut, nooodl_orcs_dogs
D:11:     layout_basic, lair_entry_dummy, uniq_erica
D:12:     layout_roguey, erik_orc_2, serial_shops, nicolae_stop_n_shop_1,
          uniq_jorgrun
Temple:   nicolae_temple_figure_eight

Skill      XL: |  1  2  3  4  5  6  7  8  9 10 11 12 |
---------------+-------------------------------------+-----
Necromancy     | 3 5 6 |  6.4
Shields        | 2 3 5 7 10 12 14 | 14.4
Evocations     | 4 6 |  6.1
Staves         | |  1.0
Dodging        | |  1.5
Spellcasting   | |  2.0
Poison Magic   | |  1.3

Action                   |  1- 3 |  4- 6 |  7- 9 | 10-12 || total
-------------------------+-------+-------+-------+-------++-------
Melee: Quarterstaff      |     7 |       |       |       ||     7
       Dagger            |     5 |    17 |   413 |   958 ||  1393
       Unarmed           |       |       |     4 |       ||     4
 Cast: Pain              |    53 |    91 |   140 |    22 ||   306
       Vampiric Draining |       |       |       |    18 ||    18
       Ozocubu's Armour  |       |       |       |    15 ||    15
 Abil: Spit Poison       |     5 |     7 |    14 |    18 ||    44
Evoke: Wand              |       |       |     3 |    33 ||    36
       Box of beasts     |       |       |       |     2 ||     2
  Use: Potion            |       |       |     8 |     2 ||    10
       Scroll            |       |       |     4 |     3 ||     7
 Stab: Paralysed         |       |       |     9 |    41 ||    50
Armor: Robe              |       |     4 |   106 |       ||   110
       Animal skin       |       |       |     8 |   213 ||   221
Dodge: Dodged            |     7 |     7 |    99 |   106 ||   219
Block: Tower shield      |       |    33 |   567 |  1007 ||  1607
       Reflection        |       |     3 |    14 |    25 ||    42
